 Dungeon Sprint DCSS version 0.14-a0-291-gb04d185 (console) character file.

1017 Dalvant the Arsonist (level 7, -5/40 HPs)
             Began as a Deep Elf Fire Elementalist on Oct 18, 2013.
             Was an Initiate of Vehumet.
             Slain by a polar bear (15 damage)
             ... in the Dungeon (Sprint II: "The Violet Keep of Menkaure").
             The game lasted 00:04:48 (751 turns).

Dalvant the Arsonist (Deep Elf Fire Elementalist)    Turns: 751, Time: 00:04:48

HP  -5/40        AC  4     Str  5      XL: 7   Next: 57%
MP  18/23        EV 13     Int 22      God: Vehumet [......]
Gold 226         SH  0     Dex 15      Spells:  2 memorised, 13 levels left

Res.Fire  : + . .   See Invis. : +   (no weapon)
Res.Cold  : . . .   Warding    : .   j - +1 robe {rC+}
Life Prot.: . . .   Conserve   : .   (no shield)
Res.Poison: .       Res.Corr.  : .   k - +0 visored helmet {SInv}
Res.Elec. : .       Clarity    : .   (no cloak)
Sust.Abil.: . .     Spirit.Shd : .   (no gloves)
Res.Mut.  : .       Prev.Telep.: +   (no boots)
Res.Rott. : .       Flight     : .   (no amulet)
Saprovore : . . .                    (no ring)
                                     d - ring of fire

@: very slightly contaminated, hasted, very quick, slightly resistant to hostile
enchantments, quite stealthy
A: no striking features
a: Renounce Religion


You were in the Dungeon.
You worshipped Vehumet.
Vehumet was noncommittal.
You were not hungry.

You visited 1 branch You collected 486 gold pieces.
You spent 280 gold pieces at shops.

Inventory:

Armour
 a - a +0 elven robe
 j - a +1 robe of cold resistance (worn)
 k - a +0 visored helmet of see invisible (worn)
Scrolls
 i - a scroll of blinking
Jewellery
 d - a ring of fire (left hand)
Potions
 e - a potion of heal wounds
 g - a potion of magic
Books
 b - a book of Flames

   Spells                             Type                      Level
   *Flame Tongue                      Conjuration/Fire             1
   Throw Flame                        Conjuration/Fire             2
   Conjure Flame                      Conjuration/Fire             3
   Inner Flame                        Hexes/Fire                   3
   *Sticky Flame                      Conjuration/Fire             4
   Fireball                           Conjuration/Fire             5


   Skills:
 * Level 5.8 Fighting
 - Level 2.8 Dodging
 + Level 7.3 Stealth
 + Level 6.3 Spellcasting
 * Level 7.4 Conjurations
 + Level 12.6 Fire Magic


You had 13 spell levels left.
You knew the following spells:

 Your Spells              Type           Power        Failure   Level  Hunger
a - Flame Tongue          Conj/Fire      #####        1%          1    None
c - Sticky Flame          Conj/Fire      ######..     1%          4    ###....


Dungeon Overview and Level Annotations

Branches:
Dungeon (1/1)

Altars:
Cheibriados
Elyvilon
Fedhas
Kikubaaqudgha
Makhleb
Nemelex Xobeh
Okawaru
Sif Muna
Trog
Vehumet
Xom
Yredelemnul
Zin
the Shining One
Beogh
Jiyva
Lugonu

Shops:
D !?+(/[%[=+*!}=!}

Annotations:
D exclusion: oklob plant


Message History

The yaktaur wields a crossbow.
The yaktaur shoots a bolt.
The bolt hits you!
Ouch! That really hurt!
* * * LOW HITPOINT WARNING * * *
Casting: Sticky Flame
Confirm with . or Enter, or press ? or * to list all spells.
You don't know that spell.
Unknown command.
Unknown command.
Casting: Sticky Flame
Confirm with . or Enter, or press ? or * to list all spells.
Okay, then.
Drink which item? (? for menu, Esc to quit)
You feel yourself speed up.
You are very lightly contaminated with residual magic.
Drink which item? (? for menu, Esc to quit)
Okay, then.
You close the door.
You feel yourself speed up.
A yaktaur opens the door.
The polar bear bites you!
You die...

## ≈## ############≈≈#++ ###########≈≈≈...
##∩.......#≈≈≈≈.# .. ##.∩.....∩#≈≈≈≈# .####
.### ##∩.∩...∩.#≈≈≈≈# ...# ...# #
##.∩.∩.∩.∩#≈≈### ###..## #..# $#
##..∩.∩.∩.#≈##.###+###.##..# +..# .##?(
##...∩.∩.%#≈##..##<##...#..# #..# .##(%!?)
##....⌠...'≈'.##'.<.'##.'..### ..##.##%[$$%(
##........#≈##..##<##...#....###..U#########+
###########≈##.###+###.##......≈≈c≈≈≈≈≈≈≈≈≈≈.
##$$D######≈≈### ###≈≈.....≈#U########§###
#$.E#W? ##≈≈≈ #≈≈≈≈≈≈≈.§≈#@U......#§≈≈#
#∩P(+$.# +#≈# #≈§≈≈≈≈§≈§§#....⌠...#{≈§≈#
#(.$#$## ≈≈ #≈≈≈≈≈§§§§§≈#..._._..#§§§§§
#(($###≈ ≈≈≈≈≈≈≈≈≈≈≈≈#.._._._.#{§§§§ ##+###
'#≈§≈§§§≈§§#._._._._#§§≈§
#≈≈≈###§§#_._._._.#≈§≈§ #≈≈ #≈§#._._....#§§≈§
#§§#_._.....#§≈§ ≈##########≈≈ #≈≈≈≈≈≈≈≈≈≈
#####


You could see 3 polar bears and a yaktaur.

Vanquished Creatures
  A baby alligator (D)
  4 necrophages (D)
  A crocodile (D)
  A yellow wasp (D)
  4 giant centipedes (D)
11 creatures vanquished.

Vanquished Creatures (others)
  Menkaure (D)
1 creature vanquished.

Grand Total: 12 creatures vanquished

Notes
Turn   | Place    | Note
--------------------------------------------------------------
     0 | D        | Dalvant, the Deep Elf Fire Elementalist, began the quest for the Orb.
     0 | D        | Reached XP level 1. HP: 10/10 MP: 4/4
     5 | D        | Reached skill level 4 in Fire Magic
     9 | D        | Reached skill level 5 in Fire Magic
     9 | D        | Reached XP level 2. HP: 15/15 MP: 0/7
    71 | D        | Reached skill level 1 in Fighting
    71 | D        | Reached skill level 6 in Fire Magic
    92 | D        | Reached XP level 3. HP: 19/19 MP: 7/9
    97 | D        | Found Bruinasm's Gadget Boutique.
    97 | D        | Found Nuafixto's Assorted Antiques.
    97 | D        | Found Ewupufito's Gadget Shop.
    97 | D        | Found Otinel's Book Boutique.
    97 | D        | Found Wilimauwk's Jewellery Shop.
    97 | D        | Found Areudoat's Jewellery Boutique.
    97 | D        | Found Keiris' Distillery.
    98 | D        | Found Plog's Distillery.
    98 | D        | Found Igunnias' Antique Armour Shop.
    99 | D        | Found Luahub's Antique Armour Boutique.
    99 | D        | Found Genaurom's Food Shop.
   101 | D        | Found Nassam's Magical Wand Boutique.
   101 | D        | Noticed a crocodile
   101 | D        | Noticed a dragon
   102 | D        | Found Qouxaal's Antique Weapon Shop.
   102 | D        | Found Klibbamo's Magic Scroll Shop.
   103 | D        | Found Sughuodiasch's Distillery.
   103 | D        | Noticed an oklob plant
   104 | D        | Found Gack's Book Shoppe.
   104 | D        | Noticed an iron elemental
   111 | D        | Killed a crocodile
   111 | D        | Reached skill level 8 in Fire Magic
   111 | D        | Reached XP level 4. HP: 9/24 MP: 5/13
   124 | D        | Learned a level 4 spell: Sticky Flame
   141 | D        | Bought an embroidered robe for 13 gold pieces
   141 | D        | Bought a runed visored helmet for 47 gold pieces
   293 | D        | Killed Menkaure
   368 | D        | Noticed a necrophage
   368 | D        | Noticed a necrophage
   368 | D        | Noticed a necrophage
   368 | D        | Noticed a necrophage
   376 | D        | Killed a necrophage
   376 | D        | Reached skill level 5 in Stealth
   376 | D        | Reached skill level 5 in Conjurations
   376 | D        | Reached skill level 9 in Fire Magic
   376 | D        | Reached XP level 5. HP: 29/29 MP: 6/16
   379 | D        | Killed a necrophage
   379 | D        | Reached skill level 10 in Fire Magic
   379 | D        | Reached XP level 6. HP: 35/35 MP: 1/19
   390 | D        | Killed a necrophage
   390 | D        | Reached skill level 5 in Spellcasting
   390 | D        | Reached skill level 11 in Fire Magic
   396 | D        | Killed a necrophage
   396 | D        | Reached skill level 5 in Fighting
   396 | D        | Reached XP level 7. HP: 40/40 MP: 8/22
   514 | D        | Bought an uncursed ring of fire for 220 gold pieces
   535 | D        | Found a roughly hewn altar of Beogh.
   535 | D        | Found a deep blue altar of Sif Muna.
   535 | D        | Found a sparkling altar of Nemelex Xobeh.
   536 | D        | Found a blossoming altar of Fedhas.
   537 | D        | Noticed a baby alligator
   543 | D        | Killed a baby alligator
   543 | D        | Reached skill level 12 in Fire Magic
   726 | D        | Found a snail-covered altar of Cheibriados.
   726 | D        | Found a corrupted altar of Lugonu.
   726 | D        | Found a viscous altar of Jiyva.
   726 | D        | Found a glowing golden altar of the Shining One.
   727 | D        | Found a radiant altar of Vehumet.
   730 | D        | Found a basalt altar of Yredelemnul.
   730 | D        | Found an ancient bone altar of Kikubaaqudgha.
   730 | D        | Found a burning altar of Makhleb.
   730 | D        | Found a glowing silver altar of Zin.
   730 | D        | Found a white marble altar of Elyvilon.
   730 | D        | Noticed a yellow wasp
   730 | D        | Noticed a polar bear
   731 | D        | Found a shimmering altar of Xom.
   731 | D        | Found an iron altar of Okawaru.
   731 | D        | Found a bloodstained altar of Trog.
   731 | D        | Noticed a yaktaur
   734 | D        | Noticed a big fish
   734 | D        | Noticed a big fish
   735 | D        | Noticed a big fish
   736 | D        | Noticed a big fish
   736 | D        | Became a worshipper of Vehumet
   741 | D        | Noticed a polar bear
   744 | D        | Noticed a polar bear
   749 | D        | Killed a yellow wasp
   751 | D        | Slain by a polar bear

Action                   |  1- 3 |  4- 6 |  7- 9 || total
-------------------------+-------+-------+-------++-------
Melee: Unarmed           |     1 |       |       ||     1
 Cast: Flame Tongue      |    11 |     3 |     4 ||    18
       Sticky Flame      |       |     5 |     2 ||     7
  Use: Potion            |     1 |     2 |     1 ||     4
